Map: Acropolis LE

Players

TLO

  • Race: Zerg Zerg
  • Spawn Location: 11:00

Hellraiser - Winner!

  • Race: Protoss Protoss
  • Spawn Location: 5:00

VOD

Have the link to the VOD?

Description

Time

  • Played on: Sept. 6, 2019, 8:57 p.m.
  • Length: 13:24
Show
View Real Time Build Order
Export as new Build Order

TLO Zerg 

Build Orders: Hatch First 

Get SALT Encoding   

  12  0:00  Drone  
  13  0:13  Overlord  
  13  0:17  Drone  
  14  0:32  Drone x2  
  16  0:49  Hatchery  
  15  0:51  Drone  
  15  0:55  Drone  
  17  0:58  Drone  
  18  1:06  Extractor  
  17  1:15  Spawning Pool  
  17  1:17  Drone  
  17  1:19  Drone  
  18  1:29  Drone  
  20  1:40  Drone  
  20  1:50  Overlord  
  20  2:02  Queen  
  20  2:03  Zergling x2, Queen  
  20  2:04  Zergling x2  
  20  2:06  Metabolic Boost  
  26  2:12  Drone  
  26  2:13  Drone  
  28  2:23  Drone x2  
  30  2:35  Hatchery  
  29  2:38  Drone  
  29  2:42  Zergling x2  
  29  2:43  Zergling x2  
  32  2:45  Zergling x2  
  33  2:54  Overlord  
  33  2:55  Drone  
  34  2:58  Queen  
  36  3:15  Drone  
  36  3:16  Drone, Queen  
  36  3:17  Overlord  
  36  3:18  Drone x2  
  42  3:23  Drone x2  
  42  3:26  Overlord  
  43  3:32  Overlord  
  42  3:37  Overlord, Drone  
  42  3:41  Overlord  
  42  3:43  Spore Crawler  
  42  3:45  Drone  
  42  3:46  Drone  
  42  3:48  Drone  
  43  3:52  Spore Crawler  
  43  3:53  Drone  
  43  3:57  Drone  
  43  3:58  Drone  
  43  4:00  Zergling x2  
  43  4:01  Drone  
  47  4:05  Spore Crawler  
  47  4:06  Drone  
  47  4:10  Drone  
  47  4:12  Drone x2  
  47  4:14  Drone  
  51  4:17  Drone  
  51  4:20  Drone x2  
  51  4:21  Drone  
  51  4:23  Drone  
  56  4:25  Drone  
  56  4:27  Drone  
  56  4:28  Drone  
  56  4:34  Drone x2  
  56  4:37  Zergling x2  
  56  4:38  Drone x2  
  61  4:39  Extractor  
  61  4:40  Drone  
  61  4:41  Drone  
  61  4:42  Drone  
  63  4:46  Drone  
  63  4:47  Extractor  
  63  4:48  Extractor  
  63  4:50  Roach Warren  
  63  4:51  Drone x3  
  64  4:53  Drone  
  64  4:56  Drone  
  64  4:59  Lair  
  66  5:00  Drone  
  66  5:01  Drone  
  66  5:03  Overlord  
  68  5:09  Drone  
  68  5:10  Drone  
  68  5:11  Drone x2  
  68  5:13  Extractor  
  71  5:14  Overlord  
  71  5:15  Pneumatized Carapace  
  71  5:16  Overlord  
  71  5:18  Overlord  
  71  5:21  Drone x3  
  72  5:23  Overlord  
  74  5:31  Overlord  
  74  5:33  Roach  
  74  5:34  Roach  
  74  5:35  Roach  
  80  5:36  Evolution Chamber  
  80  5:39  Roach x2  
  80  5:40  Overlord  
  80  5:42  Drone  
  84  5:46  Roach x2  
  84  5:47  Roach  
  84  5:48  Roach  
  92  5:52  Roach  
  92  5:54  Roach  
  92  5:56  Glial Reconstitution  
  96  6:01  Nydus Network  
  95  6:05  Hatchery  
  95  6:06  Roach  
  96  6:11  Roach  
  96  6:12  Roach  
  96  6:13  Roach  
  96  6:14  Roach  
  96  6:17  Roach  
  106  6:18  Hatchery  
  106  6:19  Roach  
  106  6:21  Roach  
  106  6:23  Roach  
  106  6:24  Roach  
  115  6:25  Roach  
  115  6:27  Roach  
  115  6:28  Roach  
  115  6:31  Roach  
  123  6:33  Roach  
  123  6:35  Roach  
  123  6:39  Ravager  
  126  6:40  Nydus Canal  
  126  6:43  Roach x2  
  126  6:44  Roach  
  126  6:46  Roach  
  131  6:48  Overlord  
  131  6:52  Roach  
  131  6:53  Roach  
  135  6:55  Roach  
  135  6:58  Roach  
  123  7:02  Roach x2  
  123  7:03  Nydus Canal, Roach  
  123  7:04  Roach  
  123  7:08  Roach  
  129  7:09  Roach  
  129  7:13  Nydus Canal  
  129  7:14  Roach  
  131  7:17  Roach  
  131  7:22  Roach  
  131  7:26  Roach  
  131  7:27  Roach  
  129  7:30  Roach  
  129  7:35  Nydus Canal, Queen x2  
  129  7:36  Roach  
  137  7:38  Roach  
  137  7:40  Extractor  
  136  7:45  Roach  
  136  7:46  Roach  
  136  7:50  Roach  
  121  7:52  Roach  
  121  7:56  Drone  
  121  7:57  Zerg Missile Weapons Level 1  
  112  7:58  Queen  
  112  8:01  Drone x4  
  112  8:02  Drone  
  119  8:06  Spire  
  119  8:07  Drone  
  119  8:11  Queen  
  119  8:12  Roach  
  113  8:21  Roach x2  
  113  8:24  Roach  
  113  8:25  Roach x2  
  113  8:26  Roach  
  105  8:28  Drone  
  105  8:31  Roach  
  108  8:34  Roach  
  110  8:42  Roach  
  110  8:44  Extractor, Roach x2  
  110  8:45  Drone  
  110  8:46  Drone, Extractor  
  116  8:51  Hatchery  
  116  8:55  Overlord x2  
  115  9:03  Overlord  
  115  9:08  Queen  
  117  9:16  Spore Crawler  
  115  9:19  Mutalisk x6  
  115  9:20  Mutalisk x3  
  126  9:25  Mutalisk  
  123  9:33  Mutalisk x2  
  125  9:43  Roach x3  
  125  9:45  Roach  
  125  9:47  Roach  
  125  9:48  Roach x2  
  125  9:50  Roach  
  125  9:51  Roach  
  131  9:53  Roach x2  
  131  9:54  Roach  
  131  9:55  Roach  
  131  9:56  Roach  
  117  10:01  Drone  
  117  10:02  Drone x2  
  117  10:03  Drone  
  96  10:08  Drone  
  93  10:14  Drone  
  93  10:15  Drone  
  93  10:17  Drone  
  93  10:20  Drone  
  97  10:22  Drone  
  97  10:23  Drone  
  97  10:28  Drone  
  98  10:30  Drone  
  98  10:33  Drone  
  98  10:34  Drone  
  101  10:45  Roach x2  
  97  10:52  Roach  
  97  10:53  Roach x2  
  97  10:56  Roach  
  90  11:00  Roach  
  90  11:01  Roach  
  90  11:03  Roach  
  88  11:08  Drone  
  78  11:13  Drone  
  78  11:17  Drone  
  78  11:20  Drone  
  78  11:24  Drone  
  79  11:30  Hydralisk Den  
  79  11:32  Drone  
  79  11:36  Drone  
  79  11:37  Drone  
  81  11:44  Drone  
  82  11:48  Nydus Canal  
  82  11:50  Drone  
  82  11:51  Drone x2  
  82  11:54  Drone  
  86  11:57  Drone  
  86  11:58  Drone  
  86  12:01  Drone  
  89  12:04  Muscular Augments  
  89  12:09  Hydralisk  
  89  12:12  Hydralisk  
  89  12:14  Overseer  
  93  12:19  Hydralisk  
  93  12:21  Hydralisk  
  97  12:24  Hydralisk  
  97  12:28  Hydralisk  
  101  12:32  Hydralisk  
  101  12:34  Hydralisk  
  105  12:38  Hydralisk  
  105  12:40  Hydralisk  
  109  12:48  Hydralisk  
  109  12:49  Hydralisk  
  111  12:53  Hydralisk  
  111  12:55  Hydralisk  
  115  12:59  Nydus Canal  
Show
View Real Time Build Order
Export as new Build Order

Hellraiser Protoss - Winner!

Build Orders: 1 Gate Expand, Oracle Opening, Phoenix Opening, Archon Immortal 

Get SALT Encoding   

  12  0:00  Probe  
  13  0:13  Probe  
  14  0:20  Pylon  
  14  0:25  Probe  
  15  0:34  Probe  
  15  0:40  Gateway  
  15  0:42  Probe  
  16  0:48  Assimilator  
  17  0:52  Probe  
  18  1:05  Probe  
  19  1:20  Nexus  
  19  1:24  Probe  
  20  1:34  Cybernetics Core  
  20  1:36  Probe  
  21  1:42  Assimilator  
  21  1:48  Probe  
  21  1:52  Pylon  
  22  2:00  Probe  
  23  2:01  Adept  
  23  2:08  Probe  
  26  2:16  Probe  
  26  2:17  Stargate  
  27  2:26  Warp Gate  
  27  2:27  Probe  
  28  2:30  Probe  
  28  2:31  Adept  
  31  2:38  Probe  
  31  2:39  Probe  
  33  2:49  Probe  
  34  2:51  Probe  
  34  2:57  Phoenix  
  35  3:01  Probe  
  35  3:03  Probe  
  39  3:08  Pylon  
  39  3:13  Probe  
  39  3:15  Probe  
  39  3:17  Oracle, Gateway  
  41  3:25  Probe  
  45  3:27  Probe  
  45  3:33  Pylon  
  46  3:35  Pylon  
  46  3:42  Probe  
  46  3:43  Probe  
  46  3:45  Oracle  
  46  3:46  Assimilator  
  48  3:49  Assimilator  
  48  3:54  Probe  
  53  3:55  Gateway, Probe  
  53  4:04  Pylon  
  53  4:05  Robotics Facility  
  53  4:06  Probe  
  53  4:07  Probe  
  55  4:12  Forge  
  55  4:18  Probe  
  55  4:19  Probe  
  55  4:20  Oracle  
  57  4:30  Probe  
  61  4:34  Probe, Protoss Ground Weapons Level 1  
  62  4:40  Adept  
  62  4:42  Probe  
  65  4:46  Probe  
  66  4:54  Observer, Probe  
  66  4:57  Nexus  
  66  4:58  Probe  
  66  4:59  Pylon  
  69  5:06  Probe  
  70  5:07  Immortal  
  70  5:10  Twilight Council  
  70  5:12  Pylon  
  70  5:14  Probe  
  70  5:18  Shield Battery  
  70  5:20  Sentry x2  
  79  5:23  Probe  
  80  5:28  Gateway  
  80  5:34  Gateway  
  80  5:35  Gateway  
  80  5:41  Gateway  
  80  5:42  Gateway  
  80  5:43  Immortal  
  80  5:47  Gateway  
  84  5:58  Charge  
  84  6:02  Templar Archives  
  84  6:06  Pylon  
  84  6:12  Sentry, Stalker  
  84  6:16  Warp Prism  
  84  6:18  Pylon  
  90  6:28  Zealot  
  90  6:31  Pylon  
  92  6:35  Zealot x3  
  92  6:36  Zealot  
  100  6:41  Photon Cannon, High Templar x2  
  100  6:46  Observer  
  100  6:47  Archon  
  105  7:00  Zealot x6  
  111  7:03  Immortal  
  106  7:21  Zealot  
  106  7:22  Zealot x4  
  103  7:23  Probe  
  103  7:25  Probe  
  103  7:26  Probe  
  103  7:29  Immortal  
  103  7:31  Sentry x2  
  103  7:32  Zealot  
  109  7:40  Probe  
  108  7:45  Probe  
  108  7:47  Zealot  
  108  7:48  Zealot  
  108  7:49  Probe  
  98  7:53  Probe  
  98  7:56  Immortal  
  98  7:57  Probe  
  97  8:01  Probe  
  97  8:05  Probe  
  99  8:09  Probe  
  99  8:11  Sentry  
  99  8:12  Zealot x2  
  108  8:13  Probe  
  108  8:17  Probe  
  109  8:21  Probe  
  109  8:25  Immortal, Probe  
  105  8:29  Probe  
  105  8:33  Probe  
  107  8:37  Probe  
  113  8:41  Probe  
  113  8:45  Probe  
  113  8:46  High Templar  
  113  8:47  Zealot x4, High Templar  
  126  8:52  Archon  
  126  8:53  Zealot x2  
  130  8:57  Pylon  
  130  9:08  Pylon x2  
  130  9:24  Zealot x5  
  130  9:26  Zealot x3  
  137  9:36  Probe x2  
  115  9:45  Zealot  
  115  9:46  Zealot x4  
  115  9:47  Phoenix  
  115  9:48  Zealot x3  
  127  9:57  Probe  
  127  9:58  Probe  
  127  9:59  Probe  
  116  10:06  Phoenix  
  103  10:09  Probe  
  103  10:10  Probe  
  103  10:11  Probe  
  104  10:20  Stargate  
  98  10:22  Probe x2  
  98  10:23  Probe  
  98  10:27  Phoenix  
  101  10:34  Probe x2  
  99  10:36  Probe  
  92  10:46  Probe x2  
  92  10:48  Phoenix, Probe  
  94  10:56  Zealot x2  
  99  10:58  Probe x2, Phoenix  
  99  11:00  Probe  
  97  11:10  Probe x2  
  94  11:12  Probe  
  94  11:15  Phoenix  
  94  11:17  Phoenix  
  91  11:22  Protoss Air Weapons Level 1, Probe  
  91  11:23  Probe  
  91  11:24  Probe  
  96  11:34  Probe  
  96  11:35  Probe  
  96  11:36  Probe  
  96  11:38  Phoenix  
  96  11:39  Phoenix, Assimilator  
  101  11:53  Assimilator  
  105  12:00  Zealot x4  
  111  12:05  Phoenix  
  111  12:07  Phoenix  
  115  12:16  Observer  
  115  12:21  Zealot x3  
  121  12:28  Phoenix  
  121  12:32  Phoenix  
  121  12:34  Probe x3  
  127  12:48  Robotics Bay  
  124  12:54  Probe  
  124  12:56  Probe x2  
  112  13:06  Probe  
  112  13:11  Probe  
  112  13:12  Probe  
Tags
 
Add a new tag
Caveats
  • Supply blocks, unpowered buildings, or Contaminate may cause inaccurate times.
  • Supply counts are checked every 10 seconds.